Map: [ESL] Inside and Out

Players

gumiho - Winner!

  • Race: Terran Terran
  • Spawn Location: 1:00

Zoun

  • Race: Protoss Protoss
  • Spawn Location: 7:00

Event: HomeStory Cup XXI

VOD

Have the link to the VOD?

Description

Time

  • Played on: July 23, 2022, 4:31 p.m.
  • Length: 13:29

All games in this series

Show
View Real Time Build Order
Export as new Build Order

gumiho Terran - Winner!

Build Orders: 1/1/1, Banshee Rush 

Get SALT Encoding   

  12  0:00  SCV  
  13  0:12  SCV  
  14  0:16  Supply Depot  
  14  0:24  SCV  
  15  0:38  SCV  
  15  0:40  Barracks  
  16  0:43  Refinery  
  16  0:50  SCV  
  16  0:52  Refinery  
  17  1:02  SCV  
  18  1:14  SCV  
  19  1:26  Orbital Command, Reaper  
  19  1:28  Supply Depot  
  20  1:39  Factory  
  20  1:52  SCV  
  21  1:59  Barracks Reactor  
  21  2:04  SCV  
  22  2:16  SCV  
  22  2:20  Command Center  
  23  2:28  Starport  
  23  2:30  Factory Tech Lab  
  23  2:33  SCV  
  24  2:37  Marine  
  24  2:39  Marine  
  26  2:46  SCV  
  26  2:50  Supply Depot  
  27  2:57  Marine x2  
  27  2:58  SCV  
  30  3:01  Factory Tech Lab  
  30  3:09  Cloaking Field  
  30  3:14  Banshee  
  30  3:19  SCV  
  34  3:24  Cyclone  
  37  3:28  Marine  
  37  3:29  Marine  
  37  3:33  SCV  
  40  3:45  SCV  
  40  3:46  Marine  
  40  3:47  Marine  
  43  3:49  Orbital Command  
  43  3:57  SCV, Siege Tank  
  47  4:03  Banshee  
  47  4:08  Supply Depot  
  50  4:11  SCV  
  50  4:12  Marine  
  50  4:14  Marine  
  50  4:16  SCV  
  54  4:20  Refinery  
  54  4:28  Supply Depot  
  54  4:30  SCV x2  
  56  4:31  Supply Depot  
  56  4:32  Marine  
  56  4:34  Marine  
  58  4:40  Siege Tank  
  58  4:45  SCV  
  62  4:50  SCV, Marine  
  62  4:52  Marine  
  65  4:57  SCV  
  66  5:02  SCV  
  66  5:06  Raven  
  69  5:09  Barracks x2, SCV  
  69  5:10  Marine x2  
  73  5:14  SCV  
  73  5:21  Engineering Bay, SCV  
  74  5:24  Siege Tank  
  74  5:26  SCV  
  78  5:29  Refinery  
  78  5:30  Supply Depot  
  78  5:36  Marine x2  
  78  5:37  Supply Depot  
  78  5:39  SCV  
  78  5:40  SCV  
  82  5:47  Terran Infantry Weapons Level 1  
  79  5:54  Marine x2  
  79  5:55  SCV x2  
  83  5:57  Starport Reactor  
  81  6:07  SCV x2  
  81  6:11  Marine x2  
  82  6:18  Factory Reactor  
  82  6:19  SCV x2  
  82  6:21  Supply Depot  
  82  6:23  Supply Depot  
  82  6:24  Stimpack  
  86  6:25  Marauder  
  86  6:26  Marauder  
  86  6:31  SCV x2  
  89  6:39  Marine  
  89  6:47  Marauder x2  
  79  7:01  Medivac  
  79  7:02  Medivac  
  79  7:06  Marine x2  
  79  7:08  Marauder, Widow Mine x2  
  91  7:10  SCV x2  
  95  7:24  Marine x2, Marauder  
  95  7:27  Supply Depot  
  95  7:28  Supply Depot  
  99  7:30  Marauder  
  99  7:35  Medivac x2  
  103  7:43  Terran Infantry Armor Level 1  
  103  7:45  Marauder  
  103  7:50  Marine x2  
  109  7:51  Marauder  
  109  7:52  Combat Shield, Widow Mine x2  
  113  8:03  Command Center  
  113  8:08  SCV x2  
  115  8:13  Marauder x2  
  117  8:24  SCV  
  117  8:25  SCV  
  115  8:29  Medivac x2  
  115  8:30  Widow Mine x2  
  98  8:49  Marine x3  
  98  8:50  Marine  
  92  9:00  SCV x2  
  88  9:07  Marine x2  
  88  9:08  Marauder x2  
  86  9:18  SCV x2  
  87  9:25  Marine x2  
  87  9:29  Marine, Marauder  
  89  9:40  Widow Mine x2  
  89  9:42  Medivac x2  
  89  9:43  Marine x2  
  93  9:47  Marauder  
  93  9:48  Barracks  
  93  9:51  Marauder  
  97  9:53  Orbital Command  
  97  9:55  Barracks  
  97  10:00  Marine  
  97  10:02  Marine  
  97  10:03  Barracks  
  97  10:04  Barracks  
  99  10:08  Marine, Widow Mine x2  
  99  10:12  SCV x2  
  106  10:16  Armory  
  106  10:19  Engineering Bay, Liberator  
  106  10:21  Liberator  
  112  10:23  SCV  
  112  10:24  SCV  
  112  10:25  Concussive Shells  
  114  10:40  Marine x2, Marauder x2  
  114  10:41  Widow Mine x2  
  124  10:48  Barracks Tech Lab, Barracks Reactor  
  124  10:50  Barracks Tech Lab, Barracks Reactor  
  124  10:56  Supply Depot  
  122  10:57  Supply Depot  
  122  10:59  Supply Depot  
  122  11:02  Marine x2  
  122  11:03  Marauder x2  
  128  11:06  Terran Infantry Weapons Level 2  
  128  11:09  Terran Infantry Armor Level 2  
  132  11:11  Widow Mine x2  
  132  11:19  Supply Depot  
  132  11:20  SCV x3  
  132  11:22  Marine, Marauder  
  132  11:23  Supply Depot  
  132  11:24  Supply Depot  
  132  11:25  Supply Depot, Marauder  
  138  11:34  Marine x2, Marauder  
  138  11:35  Marauder  
  144  11:41  Marine  
  144  11:42  Marine x3  
  144  11:43  Marine  
  144  11:46  Marine  
  144  11:52  Marine x2  
  143  11:55  Marine x2  
  143  11:59  Marine x2  
  143  12:00  Marine x2  
  144  12:03  Marauder  
  144  12:04  Marauder  
  146  12:10  Marine x2  
  146  12:13  Marine  
  146  12:14  Marauder, Widow Mine x2  
  151  12:19  Marine  
  151  12:21  Marine  
  153  12:24  SCV x2  
  153  12:25  Marauder x2  
  153  12:27  SCV  
  158  12:31  Marauder  
Show
View Real Time Build Order
Export as new Build Order

Zoun Protoss 

Build Orders: 1 Gate Expand, Blink Stalkers 

Get SALT Encoding   

  12  0:00  Probe  
  13  0:12  Probe  
  14  0:17  Pylon  
  14  0:24  Probe (Chrono Boost)  
  16  0:36  Probe (Chrono Boost), Gateway  
  16  0:43  Probe (Chrono Boost)  
  16  0:45  Assimilator  
  17  0:50  Probe  
  18  1:03  Probe  
  19  1:15  Probe  
  20  1:24  Cybernetics Core  
  20  1:34  Probe  
  20  1:35  Nexus  
  21  1:42  Pylon  
  21  1:46  Probe  
  22  1:51  Assimilator  
  22  1:57  Adept (Chrono Boost)  
  22  1:59  Probe  
  25  2:04  Warp Gate  
  24  2:11  Probe  
  25  2:20  Adept  
  27  2:23  Probe  
  27  2:29  Twilight Council  
  28  2:35  Probe  
  29  2:47  Probe (Chrono Boost)  
  29  2:49  Probe (Chrono Boost)  
  30  2:51  Adept  
  30  2:58  Probe (Chrono Boost)  
  33  2:59  Blink (Chrono Boost)  
  33  3:00  Probe (Chrono Boost)  
  33  3:01  Gateway  
  33  3:03  Probe (Chrono Boost)  
  35  3:13  Probe  
  35  3:16  Probe  
  37  3:21  Robotics Facility  
  37  3:26  Probe  
  38  3:28  Probe  
  38  3:32  Pylon  
  39  3:35  Shield Battery  
  39  3:38  Probe  
  39  3:40  Probe  
  41  3:50  Pylon, Probe  
  41  3:53  Stalker  
  41  3:55  Stalker  
  46  3:59  Probe  
  46  4:02  Probe  
  48  4:06  Assimilator  
  48  4:09  Warp Prism  
  50  4:15  Probe x2  
  52  4:17  Stalker  
  52  4:21  Stalker  
  56  4:28  Probe  
  57  4:31  Pylon  
  57  4:33  Probe  
  58  4:40  Probe  
  58  4:45  Stalker, Observer (Chrono Boost)  
  61  4:50  Probe  
  59  4:56  Probe  
  58  5:02  Probe  
  58  5:07  Observer (Chrono Boost)  
  56  5:08  Probe  
  59  5:14  Probe  
  59  5:20  Probe  
  59  5:23  Stalker  
  59  5:24  Stalker  
  59  5:27  Probe  
  64  5:33  Pylon  
  64  5:40  Probe x2  
  66  5:51  Nexus  
  66  5:53  Probe  
  67  6:03  Pylon, Immortal  
  71  6:04  Charge  
  71  6:05  Forge  
  71  6:06  Probe x2  
  67  6:14  Stalker  
  67  6:15  Stalker  
  67  6:18  Probe x2  
  73  6:26  Gateway  
  73  6:27  Gateway  
  71  6:39  Stalker x2  
  75  6:43  Pylon  
  75  6:53  Observer  
  63  6:57  Probe  
  63  7:03  Stalker x2, Immortal (Chrono Boost)  
  71  7:09  Gateway  
  71  7:10  Gateway  
  71  7:12  Protoss Ground Weapons Level 1  
  71  7:21  Zealot x2  
  75  7:27  Zealot x2  
  79  7:31  Probe  
  79  7:32  Probe x2 (Chrono Boost)  
  82  7:41  Zealot x2  
  82  7:43  Templar Archives, Probe (Chrono Boost)  
  82  7:44  Probe x2 (Chrono Boost)  
  89  7:48  Shield Battery  
  89  7:49  Zealot  
  91  7:53  Sentry, Probe x2 (Chrono Boost)  
  91  7:57  Probe (Chrono Boost)  
  95  8:03  Gateway  
  95  8:04  Gateway, Zealot  
  98  8:05  Zealot  
  98  8:10  Zealot  
  102  8:13  Stalker  
  102  8:16  Stalker  
  106  8:22  Probe  
  106  8:29  Zealot  
  106  8:34  Zealot x2  
  106  8:36  Zealot  
  106  8:37  Zealot  
  106  8:40  Zealot  
  96  8:43  Probe  
  96  8:48  Immortal (Chrono Boost)  
  84  8:56  Stalker x3  
  84  8:58  Stalker x2  
  92  9:05  Probe  
  84  9:13  Zealot  
  73  9:21  Zealot  
  73  9:22  Zealot x4  
  81  9:24  Observer (Chrono Boost)  
  81  9:28  Probe  
  73  9:31  Probe x2  
  71  9:40  Probe  
  71  9:41  Warp Prism (Chrono Boost)  
  71  9:43  Probe x2  
  72  9:46  High Templar x4  
  72  9:47  Zealot x2  
  72  9:51  Archon x2  
  72  9:52  Stalker  
  86  9:54  Stalker  
  86  9:57  Probe (Chrono Boost)  
  90  10:02  Observer  
  90  10:04  Probe (Chrono Boost)  
  92  10:08  Probe x2 (Chrono Boost)  
  92  10:15  Sentry, Zealot x2  
  92  10:17  Zealot  
  92  10:18  Shield Battery  
  92  10:20  Sentry  
  102  10:27  Pylon  
  102  10:34  Observer  
  102  10:35  Zealot x3  
  105  10:39  Zealot x2  
  109  10:44  Pylon  
  109  10:52  Pylon, Probe x3  
  109  10:54  Photon Cannon  
  112  10:59  Stalker x2  
  112  11:00  Psionic Storm  
  116  11:20  High Templar  
  116  11:22  Zealot x5  
  128  11:31  High Templar  
  129  11:41  Zealot  
  129  11:42  Zealot  
  131  11:48  Warp Prism  
  131  11:55  Photon Cannon  
  131  11:57  Photon Cannon  
  116  12:16  High Templar  
  116  12:18  Zealot x4  
  116  12:21  Nexus  
  126  12:28  Stalker x2  
  130  12:32  Observer (Chrono Boost)  
  131  12:37  Stalker  
  133  12:49  Zealot  
  123  13:04  Nexus  
  111  13:12  Nexus  
  89  13:14  Archon, Zealot x2  
  89  13:17  High Templar x2  
Tags
 
Add a new tag
Caveats
  • Supply blocks, unpowered buildings, or Contaminate may cause inaccurate times.
  • Supply counts are checked every 10 seconds.